 Dungeon Crawl Stone Soup version 0.30-a0-123-g91d0c66ccf (webtiles) character file.

Game seed: 14631934983217827389

49 freelancePsychic the Shooter (level 3, -2/31 HPs)
             Began as a Minotaur Hunter on Sept 18, 2022.
             Slain by an iguana (7 damage)
             ... on level 2 of the Dungeon.
             The game lasted 00:02:40 (1579 turns).

freelancePsychic the Shooter (Minotaur Hunter)      Turns: 1579, Time: 00:02:41

Health: -2/31      AC:  4    Str: 15    XL:     3   Next: 53%
Magic:  2/2        EV: 12    Int:  6    God:
Gold:   126        SH:  0    Dex: 15    Spells: 2/2 levels left

rFire   . . .      SeeInvis .    a - +0 shortbow
rCold   . . .      Faith    .    (shield currently unavailable)
rNeg    . . .      Spirit   .    c - +0 leather armour
rPois   .          Reflect  .    (helmet restricted)
rElec   .          Harm     .    f - +0 cloak
rCorr   .          Rampage  .    (no gloves)
Will    .....                    (no boots)
Stlth   +.........               (no amulet)
HPRegen 0.10/turn                (no ring)
MPRegen 0.08/turn                (no ring)

@: no status effects
A: horns 2, retaliatory headbutt
a: no special abilities


You were on level 2 of the Dungeon.
You visited 1 branch of the dungeon, and saw 2 of its levels.

You collected 126 gold pieces.

Inventory:

Hand Weapons
 a - a +0 shortbow (weapon)
Armour
 c - a +0 leather armour (worn)
 f - a +0 cloak (worn)
Scrolls
 b - a scroll of immolation
 e - 2 scrolls of identify {@r1}
 h - a scroll of enchant weapon {unknown}
 i - 2 scrolls of butterflies {unknown}
 j - a scroll of fear {unknown}
 l - a scroll of silence {unknown}
 m - a scroll of amnesia {unknown}
Potions
 d - a potion of curing {@q1}
 g - a potion of berserk rage
 k - a potion of brilliance {unknown}


   Skills:
 + Level 3.3 Fighting
 * Level 5.4 Ranged Weapons
 - Level 2.1 Dodging
 - Level 0.7 Stealth


You had 2 spell levels left.
You didn't know any spells.
Your spell library was empty.

Dungeon Overview and Level Annotations

Branches:
Dungeon (2/15)

Altars:

Annotations:
D:2 exclusion: iguana


Innate Abilities, Weirdness & Mutations

You have a pair of horns on your head.
You reflexively headbutt those who attack you in melee.


Message History

You shoot an arrow. The arrow closely misses the iguana.
The iguana closely misses you. The iguana bites you.
You shoot an arrow. The arrow hits the iguana!
The iguana is heavily wounded.
The iguana bites you!
You are too injured to fight recklessly!
You are too injured to fight recklessly!
You are too injured to fight recklessly!
You are too injured to fight recklessly!
You are too injured to fight recklessly!
You are too injured to fight recklessly!
You are too injured to fight recklessly!
You are too injured to fight recklessly!
You are too injured to fight recklessly!
You are too injured to fight recklessly!
You are too injured to fight recklessly!
You are too injured to fight recklessly!
You are too injured to fight recklessly!
You are too injured to fight recklessly!
You are too injured to fight recklessly!
You are too injured to fight recklessly!
You are too injured to fight recklessly!
You are too injured to fight recklessly!
You are too injured to fight recklessly!
You are too injured to fight recklessly!
Fire: a) +0 shortbow
Press: ? - help, Shift-Dir - straight line, f/p - iguana
Aim: an iguana (heavily wounded, 65% to hit)
You shoot an arrow.
The arrow hits the iguana but does no damage.
The iguana is heavily wounded.
The iguana bites you!
* * * LOW HITPOINT WARNING * * *
It was a potion of curing.
You feel better. The iguana bites you!
* * * LOW HITPOINT WARNING * * *
As you read the scroll labelled XUALY AJUMASU, it crumbles to dust.
It is a scroll of identify.
g - a potion of berserk rage The iguana bites you!
You die...

#.....# #.....# #.....#
## #.....# .###
##.....# ### ...####
#......# ....
##....###......###
.....
####......#.....#......
##..##.#....@....†..
#...#.#.....l....).
##..........#......
##...#.#.....#......
####.......#.....#
..... ..
......##...#### ..##. .
#.####.##.######...#
##..# ##.##.##.....#.#
#.)# #........##.....


You could see an iguana.

Vanquished Creatures
  An adder (D:2)
  A worm (D:2)
  2 dart slugs
  A ball python (D:2)
  3 endoplasms (D:2)
  2 giant cockroaches (D:2)
  3 goblins
  2 hobgoblins
  2 quokkas
  4 bats
  3 frilled lizards
  6 kobolds
  4 rats (D:2)
34 creatures vanquished.

Notes
Turn   | Place    | Note
-------+----------+-------------------------------------------
     0 | D:1      | freelancePsychic the Minotaur Hunter began the quest for
                  | the Orb.
     0 | D:1      | Reached XP level 1. HP: 18/18 MP: 0/0
   676 | D:1      | Reached XP level 2. HP: 25/25 MP: 1/1
  1211 | D:2      | Reached skill level 5 in Ranged Weapons
  1352 | D:2      | Reached XP level 3. HP: 31/31 MP: 2/2
  1363 | D:2      | Found a faded altar of an unknown god.
  1579 | D:2      | Slain by an iguana

Illustrated notes

Levels and vault maps discovered:
D:1:      noname_arrival_rooms_in_the_neighbourhood, layout_loops_corners,
          serial_park_tiny_1, minivault_5, minmay_tromino_v4_b
D:2:      minmay_spotlight, layout_rooms,
          shapermc_ecumenical_altar_starsandcircs

Skill      XL: |  1  2 |
---------------+-------+-----
Fighting       | 3 |  3.3
Ranged Weapons | 5 |  5.4
Dodging        | |  2.1
Stealth        | |  0.7

Action                   || total
-------------------------++-------
 Fire: Shortbow          ||    84
  Use: Scroll            ||     1
       Potion            ||     1
Armor: Leather armour    ||     6
Dodge: Dodged            ||    16

Table legend: (Time is in decaauts)
 A = Elapsed time spent in this place.
 B = Non-inter-level travel time spent in this place.
 C = Inter-level travel time spent in this place.
 D = Time resting spent in this place.
 E = Time spent auto-exploring this place.
 F = Levels seen in this place.
 G = Mean time per level.
                   A        B        C        D        E       F      G
               +--------+--------+--------+--------+--------+-----+--------+
         Total |   1603 |   1501 |    102 |      0 |   1327 |   2 |  801.5 |
       Dungeon |   1603 |   1501 |    102 |      0 |   1327 |   2 |  801.5 |
               +--------+--------+--------+--------+--------+-----+--------+

Top non-repeatable levels by time:
     D:1: 1154 daAuts
     D:2: 449 daAuts
